 Dungeon Crawl Stone Soup version 0.20.1-1-g8b1a95d (console) character file.

23 hilaritas the Chiller (level 3, 0/26 HPs)
             Began as a Human Wanderer on Feb 9, 2018.
             Succumbed to a worker ant's poison
             ... on level 4 of the Dungeon.
             The game lasted 00:03:23 (1178 turns).

hilaritas the Chiller (Human Wanderer)              Turns: 1178, Time: 00:03:24

Health: 0/26       AC:  5    Str: 13    XL:     3   Next: 10%
Magic:  1/4        EV: 12    Int: 13    God:
Gold:   17         SH:  0    Dex: 11    Spells: 3/4 levels left

rFire    . . .     SeeInvis .   e - +0 dagger
rCold    . . .     Gourm    .   (no shield)
rNeg     . . .     Faith    .   a - +2 leather armour
rPois    .         Spirit   .   (no helmet)
rElec    .         Reflect  .   (no cloak)
rCorr    .         Harm     .   (no gloves)
MR       .....                  (no boots)
Stlth    ++........             (no amulet)
Regen    0.1/turn               (no ring)
MPRegen  0.1/turn               (no ring)

@: lethally poisoned (0 -> -10)
A: no striking features
a: no special abilities


You were on level 4 of the Dungeon.
You were not hungry.

You visited 1 branch of the dungeon, and saw 3 of its levels.

You collected 17 gold pieces.

Inventory:

Hand Weapons
 d - a +0 club
 e - a +0 dagger (weapon)
Missiles
 g - 25 arrows
Armour
 a - a +2 leather armour (worn)
Jewellery
 j - an uncursed ring of fire
Potions
 h - a potion of curing {unknown}
 i - a potion of resistance {unknown}
 k - a potion of flight {unknown}
 l - a potion of cancellation {unknown}
Books
 b - the Catalogue of Darkness

   Spells                             Type                      Level
   a - Corpse Rot                     Necromancy                   2
   b - Sublimation of Blood           Necromancy                   2
 c - Peuqok's Collected Works on the Snowflakes

   Spells                             Type                      Level
   a - Freeze                         Ice                          1
   b - Ozocubu's Armour               Charms/Ice                   3
Comestibles
 f - 2 bread rations


   Skills:
 * Level 1.3 Fighting
 + Level 2.4 Dodging
 - Level 3.0 Stealth
 * Level 1.0 Spellcasting
 * Level 3.1 Ice Magic
   Level 2.0 Evocations


You had 3 spell levels left.
You knew the following spells:

 Your Spells              Type           Power        Failure   Level  Hunger
a - Freeze                Ice            #...         10%         1    ##.....


Dungeon Overview and Level Annotations

Branches:
Dungeon (2/15)

Altars:

Shops:
D:4 *


Message History

You feel sick. The worker ant misses you. The worker ant barely misses you.
You barely miss the worker ant.
The worker ant is severely wounded.
The worker ant bites you.
You hit the worker ant.
The worker ant is severely wounded.
You feel sick. The worker ant closely misses you.
You barely miss the worker ant.
The worker ant is severely wounded.
The worker ant bites you.
* * * LOW HITPOINT WARNING * * *
You hit the worker ant.
The worker ant is severely wounded.
The worker ant bites you.
* * * LOW HITPOINT WARNING * * *
You are more poisoned.
The worker ant poisons you!
You closely miss the worker ant.
The worker ant is severely wounded.
You die...

#.#...##.# ......#....
#.#...##.# ##........
#.#.#.##.##...#.#)..
###.#..#.#..##..#.#
#.##.#...###....#
##.##....#.......#
###.∩........####.##
......##.#..####...#
......##....###....##.##
......##....[...........
......#.....#.##@.......
......#.....#.##a.......
......#####.. ##........
......# #... #........
......# ###.#.........
.##.....# # .....#
.....#


You could see a worker ant.

Vanquished Creatures
  An ooze (D:1)
  A giant cockroach (D:1)
  3 goblins (D:1)
  3 hobgoblins (D:1)
  3 kobolds (D:1)
  3 bats
  2 frilled lizards (D:1)
  A rat (D:1)
17 creatures vanquished.

Notes
Turn   | Place    | Note
-------+----------+-------------------------------------------
     0 | D:1      | hilaritas the Human Wanderer began the quest for the Orb.
     0 | D:1      | hilaritas set off with: a +2 leather armour, the Catalogue of Darkness, Peuqok's Collected Works on the Snowflakes, a +0 club, a +0 dagger, a bread ration
     0 | D:1      | Reached XP level 1. HP: 13/13 MP: 2/2
     0 | D:1      | Identified the Catalogue of Darkness
     0 | D:1      | Identified Peuqok's Collected Works on the Snowflakes
   379 | D:1      | Reached skill level 1 in Fighting
   379 | D:1      | Reached XP level 2. HP: 21/21 MP: 3/3
   382 | D:1      | Learned a level 1 spell: Freeze
   836 | D:1      | Reached XP level 3. HP: 24/26 MP: 4/4
  1112 | D:2      | Reached skill level 1 in Spellcasting
  1122 | D:2      | You fall through a shaft for 2 floors!
  1139 | D:4      | Found Nux Kea's General Store.
  1177 | D:4      | HP: 1/26 [worker ant (4)]
  1178 | D:4      | Succumbed to a worker ant's poison

Skill      XL: |  1  2  3 |
---------------+----------+-----
Fighting       | 1 |  1.3
Spellcasting   | 1 |  1.0
Dodging        | |  2.4
Stealth        | |  3.0
Ice Magic      | |  3.1
Evocations     | |  2.0

Action                   || total
-------------------------++-------
Melee: Dagger            ||    99
 Cast: Freeze            ||     4
  Use: Scroll            ||     4
 Stab: Sleeping          ||     3
  Eat: Chunk             ||     1
Armor: Leather armour    ||    24
Dodge: Dodged            ||    49
